TOP OF THE 1ST |
Riverside Red Bulls batting - Pitching for Red Deer Wranglers : RHP William Bryant
|
Pitching: RHP William Bryant
|
|
Batting: RHB Tom Howe
|
0-0: Ball 1-0: Ball 2-0: Called Strike 2-1: Ball 3-1: Base on Balls
|
Batting: RHB Pedro Mata
|
0-0: Ball 1-0: Ball 2-0: Called Strike 2-1: Fly out, F8 (Flyball, 8LM)
|
Batting: LHB Paco Rivera
|
0-0: Ball 1-0: Ball 2-0: Fly out, F7 (Flyball, 78S)
|
Batting: RHB Earnest Finnegan
|
0-0: Ball 1-0: Called Strike 1-1: Ball Tom Howe is caught stealing 2nd base
|
Top of the 1st over - 0 run(s), 0 hit(s), 0 error(s), 0 left on base; Riverside 0 - Red Deer 0 |
BOTTOM OF THE 1ST |
Red Deer Wranglers batting - Pitching for Riverside Red Bulls : RHP Roberto Moreno
|
Pitching: RHP Roberto Moreno
|
|
Batting: RHB Tom Rowe
|
0-0: Ball 1-0: Ball 2-0: Foul Ball, location: 2F 2-1: Called Strike 2-2: Ground out 2-3 (Groundball, 25)
|
Batting: RHB Paul Swift
|
0-0: Swinging Strike 0-1: Called Strike 0-2: Ball 1-2: Ball 2-2: Foul Ball, location: 2F 2-2: Ball 3-2: Foul Ball, location: 2F 3-2: Base on Balls
|
Batting: LHB Greg Nelson
|
0-0: SINGLE (Groundball, 6MD) Paul Swift to second Runner from 2nd tries for 3rd, SAFE, throw made to third
|
Now in CF: Brandon Pope
|
|
Batting: LHB Enrico Vargas
|
0-0: Called Strike 0-1: Called Strike 0-2: Ball 1-2: Strikes out swinging
|
Batting: LHB Jorge Olvera
|
0-0: Called Strike 0-1: Called Strike 0-2: Ball 1-2: Strikes out swinging
|
Bottom of the 1st over - 0 run(s), 1 hit(s), 0 error(s), 2 left on base; Riverside 0 - Red Deer 0 |
TOP OF THE 2ND |
Riverside Red Bulls batting - Pitching for Red Deer Wranglers : RHP William Bryant
|
Batting: RHB Earnest Finnegan
|
0-0: Called Strike 0-1: Foul Ball, location: 2F 0-2: SINGLE (Groundball, 56D)
|
Batting: RHB Marcos Hernández
|
0-0: Called Strike 0-1: Ball 1-1: Fielders Choice at 2nd, 5-4 (Groundball, 56)
|
Batting: LHB Mike Petersen
|
0-0: Swinging Strike 0-1: Foul Ball, location: 2F 0-2: SINGLE (Line Drive, 6MD) Marcos Hernández to second
|
Batting: RHB Fernando Gálvez
|
0-0: Ball 1-0: Ball 2-0: Called Strike 2-1: Ball Passed Ball! Marcos Hernández to third Mike Petersen to second 3-1: Called Strike 3-2: Foul Ball, location: 2F 3-2: Ground out 5-3 (Groundball, 5S)
|
Batting: RHB Enrique Flores
|
0-0: Ball 1-0: 3-RUN HOME RUN (Line Drive, 7LD), Distance : 343 ft
|
Batting: SHB Luis Alonso
|
0-0: Fly out, F7 (Flyball, 7LM)
|
Top of the 2nd over - 3 run(s), 3 hit(s), 0 error(s), 0 left on base; Riverside 3 - Red Deer 0 |
BOTTOM OF THE 2ND |
Red Deer Wranglers batting - Pitching for Riverside Red Bulls : RHP Roberto Moreno
|
Batting: RHB Carlos Peña
|
0-0: Ball 1-0: Ball 2-0: Ball 3-0: Base on Balls
|
Batting: LHB Fred Abrams
|
0-0: Ball 1-0: SINGLE (Line Drive, 89M) Carlos Peña to second
|
Batting: LHB Andrew Veeck
|
0-0: Ball 1-0: Ball 2-0: Swinging Strike 2-1: Foul Ball, location: 2F 2-2: Strikes out swinging
|
Batting: RHB Juan Carlos Alfonzo
|
0-0: Called Strike 0-1: Grounds into double play, 4-6-3 (Groundball, 4)
|
Bottom of the 2nd over - 0 run(s), 1 hit(s), 0 error(s), 1 left on base; Riverside 3 - Red Deer 0 |
TOP OF THE 3RD |
Riverside Red Bulls batting - Pitching for Red Deer Wranglers : RHP William Bryant
|
Batting: RHB Brandon Pope
|
0-0: Ball 1-0: Ball 2-0: Fly out, F9 (Flyball, 89M)
|
Batting: RHB Pedro Mata
|
0-0: Ball 1-0: Swinging Strike 1-1: Ball 2-1: Foul Ball, location: 2F 2-2: Strikes out looking
|
Batting: LHB Paco Rivera
|
0-0: Ground out 6-3 (Groundball, 6M)
|
Top of the 3rd over - 0 run(s), 0 hit(s), 0 error(s), 0 left on base; Riverside 3 - Red Deer 0 |
BOTTOM OF THE 3RD |
Red Deer Wranglers batting - Pitching for Riverside Red Bulls : RHP Roberto Moreno
|
Batting: RHB Tom Rowe
|
0-0: Ball 1-0: Called Strike 1-1: Bunt for hit - play at first, batter OUT! 3-4
|
Batting: RHB Paul Swift
|
0-0: Foul Ball, location: 2F 0-1: Ball 1-1: Called Strike 1-2: Ball 2-2: Ball 3-2: Ground out 6-3 (Groundball, 6)
|
Batting: LHB Greg Nelson
|
0-0: Called Strike 0-1: Fly out, F8 (Flyball, 8RD)
|
Bottom of the 3rd over - 0 run(s), 0 hit(s), 0 error(s), 0 left on base; Riverside 3 - Red Deer 0 |
TOP OF THE 4TH |
Riverside Red Bulls batting - Pitching for Red Deer Wranglers : RHP William Bryant
|
Batting: RHB Earnest Finnegan
|
0-0: Foul Ball, location: 2F 0-1: SINGLE (Groundball, 4M)
|
Batting: RHB Marcos Hernández
|
0-0: Swinging Strike 0-1: Swinging Strike 0-2: Strikes out looking
|
Batting: LHB Mike Petersen
|
0-0: Ball 1-0: Ball 2-0: SINGLE (Line Drive, 9S) Earnest Finnegan to second
|
Batting: RHB Fernando Gálvez
|
0-0: Ball 1-0: Called Strike 1-1: Ball 2-1: Called Strike 2-2: Fielders Choice at 3rd, U5 (Groundball, 5L) Mike Petersen to second
|
Batting: RHB Enrique Flores
|
0-0: Ball 1-0: Ball 2-0: Ball 3-0: Base on Balls Mike Petersen to third Fernando Gálvez to second
|
Batting: SHB Luis Alonso
|
0-0: Ground out 4-3 (Groundball, 34)
|
Top of the 4th over - 0 run(s), 2 hit(s), 0 error(s), 3 left on base; Riverside 3 - Red Deer 0 |
BOTTOM OF THE 4TH |
Red Deer Wranglers batting - Pitching for Riverside Red Bulls : RHP Roberto Moreno
|
Batting: LHB Enrico Vargas
|
0-0: Ball 1-0: Ball 2-0: Foul Ball, location: 2F 2-1: SINGLE (Groundball, 3D)
|
Batting: LHB Jorge Olvera
|
0-0: Ball 1-0: Ball 2-0: Ball 3-0: Called Strike 3-1: Swinging Strike 3-2: Grounds into double play, 4-6-3 (Groundball, 4)
|
Batting: RHB Carlos Peña
|
0-0: Foul Ball, location: 2F 0-1: Called Strike 0-2: Fly out, F9 (Line Drive, 9M)
|
Bottom of the 4th over - 0 run(s), 1 hit(s), 0 error(s), 0 left on base; Riverside 3 - Red Deer 0 |
TOP OF THE 5TH |
Riverside Red Bulls batting - Pitching for Red Deer Wranglers : RHP William Bryant
|
Batting: RHB Brandon Pope
|
0-0: Ball 1-0: Ball 2-0: Ball 3-0: Called Strike 3-1: Base on Balls
|
Batting: RHB Pedro Mata
|
0-0: Fly out, F8 (Flyball, 8LM)
|
Batting: LHB Paco Rivera
|
0-0: Foul Ball, location: 2F 0-1: Ball 1-1: Grounds into double play, 6-4-3 (Groundball, 6)
|
Top of the 5th over - 0 run(s), 0 hit(s), 0 error(s), 0 left on base; Riverside 3 - Red Deer 0 |
BOTTOM OF THE 5TH |
Red Deer Wranglers batting - Pitching for Riverside Red Bulls : RHP Roberto Moreno
|
Batting: LHB Fred Abrams
|
0-0: Called Strike 0-1: Fly out, F7 (Flyball, 7M)
|
Batting: LHB Andrew Veeck
|
0-0: Called Strike 0-1: Ball 1-1: Foul Ball, location: 2F 1-2: Ground out 4-3 (Groundball, 34)
|
Batting: RHB Juan Carlos Alfonzo
|
0-0: Foul Ball, location: 2F 0-1: Ball 1-1: Swinging Strike 1-2: Ball 2-2: Foul Ball, location: 2F 2-2: Foul Ball, location: 2F 2-2: Foul Ball, location: 2F 2-2: Strikes out swinging
|
Bottom of the 5th over - 0 run(s), 0 hit(s), 0 error(s), 0 left on base; Riverside 3 - Red Deer 0 |
TOP OF THE 6TH |
Riverside Red Bulls batting - Pitching for Red Deer Wranglers : RHP William Bryant
|
Batting: RHB Earnest Finnegan
|
0-0: Called Strike 0-1: Called Strike 0-2: SINGLE (Line Drive, 78M)
|
Batting: RHB Marcos Hernández
|
0-0: Ball 1-0: DOUBLE (Groundball, 5L) Earnest Finnegan to third
|
Batting: LHB Mike Petersen
|
0-0: Called Strike 0-1: Ball 1-1: Ball 2-1: Fly out, F7 (Flyball, 78M) Runner from 3rd tags up, SCORES, throw made
|
Batting: RHB Fernando Gálvez
|
0-0: Intentional Walk
|
Batting: RHB Enrique Flores
|
0-0: Swinging Strike 0-1: Grounds into double play, 6-4-3 (Groundball, 6)
|
Top of the 6th over - 1 run(s), 2 hit(s), 0 error(s), 1 left on base; Riverside 4 - Red Deer 0 |
BOTTOM OF THE 6TH |
Red Deer Wranglers batting - Pitching for Riverside Red Bulls : RHP Roberto Moreno
|
Batting: RHB Tom Rowe
|
0-0: Foul Ball, location: 2F 0-1: Ball 1-1: Ball 2-1: Foul Ball, location: 2F 2-2: Ball 3-2: Strikes out swinging
|
Batting: RHB Paul Swift
|
0-0: Called Strike 0-1: Ball 1-1: Swinging Strike 1-2: Foul Ball, location: 2F 1-2: Ball 2-2: SINGLE (Groundball, 6M)
|
Pitching: RHP Alberto Gutiérrez
|
|
Batting: LHB Greg Nelson
|
0-0: DOUBLE (Flyball, 9LM) Paul Swift to third
|
Batting: LHB Enrico Vargas
|
0-0: Ball 1-0: Ball 2-0: Ball 3-0: Foul Ball, location: 2F 3-1: Base on Balls
|
Batting: LHB Jorge Olvera
|
0-0: Ball 1-0: Ball 2-0: Foul Ball, location: 2F 2-1: Called Strike 2-2: SINGLE (Flyball, 6D) Paul Swift scores Greg Nelson to third Enrico Vargas to second Runner from 3rd tries for Home, SAFE, throw made home Enrico Vargas to third Jorge Olvera to second
|
Batting: RHB Carlos Peña
|
0-0: Ball 1-0: Foul Ball, location: 2F 1-1: SINGLE (Line Drive, 34) Enrico Vargas scores Jorge Olvera to third
|
Batting: LHB Fred Abrams
|
0-0: Foul Ball, location: 2F 0-1: Ball 1-1: Ground out 1-3 (Groundball, 34S) Carlos Peña to second
|
Batting: LHB Andrew Veeck
|
0-0: Ball 1-0: Ball 2-0: Ball 3-0: Called Strike 3-1: Called Strike 3-2: Strikes out swinging
|
Bottom of the 6th over - 3 run(s), 4 hit(s), 0 error(s), 2 left on base; Riverside 4 - Red Deer 3 |
TOP OF THE 7TH |
Riverside Red Bulls batting - Pitching for Red Deer Wranglers : RHP William Bryant
|
Batting: SHB Luis Alonso
|
0-0: Called Strike 0-1: Swinging Strike 0-2: Foul Ball, location: 2F 0-2: Ball 1-2: Strikes out swinging
|
Batting: RHB Brandon Pope
|
0-0: Ball 1-0: Swinging Strike 1-1: Ball 2-1: Ball 3-1: Base on Balls
|
Pitching: RHP José Ramos
|
|
Batting: RHB Pedro Mata
|
0-0: Ball 1-0: Ball 2-0: Fly out, F3 (Popup, 34)
|
Batting: LHB Paco Rivera
|
0-0: Ball 1-0: Foul Ball, location: 2F 1-1: SINGLE (Line Drive, 56D) Brandon Pope to second
|
Batting: RHB Earnest Finnegan
|
0-0: Ball 1-0: Ball 2-0: Swinging Strike 2-1: Ball 3-1: Base on Balls Brandon Pope to third Paco Rivera to second
|
Batting: RHB Marcos Hernández
|
0-0: Ball 1-0: Foul Ball, location: 2F 1-1: Foul Ball, location: 2F 1-2: Strikes out swinging
|
Top of the 7th over - 0 run(s), 1 hit(s), 0 error(s), 3 left on base; Riverside 4 - Red Deer 3 |
BOTTOM OF THE 7TH |
Red Deer Wranglers batting - Pitching for Riverside Red Bulls : RHP Alberto Gutiérrez
|
Batting: RHB Juan Carlos Alfonzo
|
0-0: Reached on error, E5 (Groundball, 5)
|
Batting: RHB Tom Rowe
|
0-0: Ball 1-0: Sac Bunt - play at first, batter OUT! 2-4 Juan Carlos Alfonzo to second
|
Batting: RHB Paul Swift
|
0-0: Swinging Strike 0-1: Ball 1-1: Swinging Strike 1-2: Ball 2-2: Ball 3-2: Foul Ball, location: 2F 3-2: Foul Ball, location: 2F 3-2: Fly out, F5 (Popup, 5L)
|
Pitching: LHP Joe Phillips
|
|
Pinch Hitting: RHB Todd Bryant
|
0-0: Foul Ball, location: 2F 0-1: Ball 1-1: Ball 2-1: Foul Ball, location: 2F 2-2: Ball 3-2: Foul Ball, location: 2F 3-2: Foul Ball, location: 2F 3-2: Base on Balls
|
Batting: LHB Enrico Vargas
|
0-0: Ball 1-0: Ball 2-0: Called Strike 2-1: Ball 3-1: Base on Balls Juan Carlos Alfonzo to third Todd Bryant to second
|
Pitching: RHP Guy Hebert
|
|
Pinch Hitting: LHB Del Kennedy
|
0-0: Ball 1-0: Called Strike 1-1: Swinging Strike 1-2: Ball 2-2: Ball 3-2: Ground out 5-3 (Groundball, 5)
|
Bottom of the 7th over - 0 run(s), 0 hit(s), 1 error(s), 3 left on base; Riverside 4 - Red Deer 3 |
TOP OF THE 8TH |
Riverside Red Bulls batting - Pitching for Red Deer Wranglers : RHP José Ramos
|
Now in LF: Todd Bryant
|
|
Now in RF: Del Kennedy
|
|
Batting: LHB Mike Petersen
|
0-0: Fly out, F8 (Line Drive, 8RM)
|
Batting: RHB Fernando Gálvez
|
0-0: Called Strike 0-1: Fly out, F9 (Flyball, 89D)
|
Batting: RHB Enrique Flores
|
0-0: Ball 1-0: Fly out, F7 (Flyball, 7M)
|
Top of the 8th over - 0 run(s), 0 hit(s), 0 error(s), 0 left on base; Riverside 4 - Red Deer 3 |
BOTTOM OF THE 8TH |
Red Deer Wranglers batting - Pitching for Riverside Red Bulls : RHP Guy Hebert
|
Now at 2B: Kevin Brown
|
|
Batting: RHB Carlos Peña
|
0-0: Swinging Strike 0-1: Foul Ball, location: 2F 0-2: Ball 1-2: Strikes out swinging
|
Batting: LHB Fred Abrams
|
0-0: Foul Ball, location: 2F 0-1: Swinging Strike 0-2: Strikes out swinging
|
Batting: LHB Andrew Veeck
|
0-0: Called Strike 0-1: Fly out, F5 (Line Drive, 5L)
|
Bottom of the 8th over - 0 run(s), 0 hit(s), 0 error(s), 0 left on base; Riverside 4 - Red Deer 3 |
TOP OF THE 9TH |
Riverside Red Bulls batting - Pitching for Red Deer Wranglers : RHP José Ramos
|
Batting: SHB Luis Alonso
|
0-0: Swinging Strike 0-1: Ball 1-1: Swinging Strike 1-2: Ball 2-2: Fly out, F2 (Popup, 23F)
|
Batting: RHB Brandon Pope
|
0-0: Fly out, F9 (Flyball, 9LM)
|
Batting: RHB Pedro Mata
|
0-0: Foul Ball, location: 2F 0-1: Foul Ball, location: 2F 0-2: Ball 1-2: Ground out 6-3 (Groundball, 56)
|
Top of the 9th over - 0 run(s), 0 hit(s), 0 error(s), 0 left on base; Riverside 4 - Red Deer 3 |
BOTTOM OF THE 9TH |
Red Deer Wranglers batting - Pitching for Riverside Red Bulls : RHP Guy Hebert
|
Pitching: RHP Omar Camacho
|
|
Now at C: Jesús Naút
|
|
Now at 3B: Kelly Jones
|
|
Batting: RHB Juan Carlos Alfonzo
|
0-0: Swinging Strike 0-1: Ball 1-1: Foul Ball, location: 2F 1-2: DOUBLE (Flyball, 8RM)
|
Batting: RHB Tom Rowe
|
0-0: Ball 1-0: Swinging Strike 1-1: Foul Ball, location: 2F 1-2: Ball 2-2: Ball 3-2: Fly out, F4 (Popup, 3D)
|
Batting: RHB Paul Swift
|
0-0: SINGLE (Groundball, 4MD) Juan Carlos Alfonzo to third Runner from 3rd tries for Home, SAFE, no throw or cutoff
|
Batting: RHB Todd Bryant
|
0-0: Ball 1-0: Fly out, F9 (Flyball, 9LM)
|
Batting: LHB Enrico Vargas
|
0-0: Foul Ball, location: 2F 0-1: Ground out 6-3 (Groundball, 6)
|
Bottom of the 9th over - 1 run(s), 2 hit(s), 0 error(s), 1 left on base; Riverside 4 - Red Deer 4 |
TOP OF THE 10TH |
Riverside Red Bulls batting - Pitching for Red Deer Wranglers : RHP José Ramos
|
Pitching: LHP Denny Welch
|
|
Batting: LHB Paco Rivera
|
0-0: Ball 1-0: Called Strike 1-1: Ball 2-1: Swinging Strike 2-2: Foul Ball, location: 2F 2-2: Ground out 5-3 (Groundball, 56)
|
Batting: RHB Earnest Finnegan
|
0-0: Ball 1-0: Ball 2-0: Called Strike 2-1: SINGLE (Groundball, 34)
|
Batting: RHB Marcos Hernández
|
0-0: Ball Earnest Finnegan is caught stealing 2nd base 1-0: Swinging Strike 1-1: Foul Ball, location: 2F 1-2: Ball 2-2: Strikes out swinging
|
Top of the 10th over - 0 run(s), 1 hit(s), 0 error(s), 0 left on base; Riverside 4 - Red Deer 4 |
BOTTOM OF THE 10TH |
Red Deer Wranglers batting - Pitching for Riverside Red Bulls : RHP Omar Camacho
|
Batting: LHB Del Kennedy
|
0-0: Called Strike 0-1: Ball 1-1: Called Strike 1-2: Ball 2-2: Ball 3-2: Base on Balls
|
Batting: RHB Carlos Peña
|
0-0: Called Strike 0-1: Bunted foul 0-2: Ball 1-2: Ground out 5-3 (Groundball, 56) Del Kennedy to second
|
Batting: LHB Fred Abrams
|
0-0: Intentional Walk
|
Batting: LHB Andrew Veeck
|
0-0: Called Strike 0-1: Fielders Choice at 2nd, 6-4 (Groundball, 6M) Del Kennedy to third
|
Batting: RHB Juan Carlos Alfonzo
|
0-0: Ball 1-0: Ball 2-0: Ball 3-0: Called Strike 3-1: Foul Ball, location: 2F 3-2: Foul Ball, location: 2F 3-2: Strikes out swinging
|
Bottom of the 10th over - 0 run(s), 0 hit(s), 0 error(s), 2 left on base; Riverside 4 - Red Deer 4 |
TOP OF THE 11TH |
Riverside Red Bulls batting - Pitching for Red Deer Wranglers : LHP Denny Welch
|
Batting: LHB Mike Petersen
|
0-0: Ball 1-0: Foul Ball, location: 2F 1-1: Ball 2-1: SINGLE (Line Drive, 9S)
|
Batting: RHB Kevin Brown
|
0-0: Bunted foul 0-1: Sac Bunt - play at first, batter OUT! 3-4 Mike Petersen to second
|
Batting: RHB Enrique Flores
|
0-0: Intentional Walk
|
Batting: RHB Jesús Naút
|
0-0: Ball 1-0: Swinging Strike 1-1: Fly out, F9 (Flyball, 9D) Runner from 2nd tags up, SAFE at 3rd, no throw
|
Batting: RHB Brandon Pope
|
0-0: Swinging Strike 0-1: Fly out, F8 (Flyball, 8RD)
|
Top of the 11th over - 0 run(s), 1 hit(s), 0 error(s), 2 left on base; Riverside 4 - Red Deer 4 |
BOTTOM OF THE 11TH |
Red Deer Wranglers batting - Pitching for Riverside Red Bulls : RHP Omar Camacho
|
Batting: RHB Tom Rowe
|
0-0: Swinging Strike 0-1: DOUBLE (Popup, 9LM)
|
Batting: RHB Paul Swift
|
0-0: Ball 1-0: Ball 2-0: Ball 3-0: Base on Balls
|
Pitching: RHP Raúl Hernández
|
|
Batting: RHB Todd Bryant
|
0-0: Fielders Choice at 2nd, 1-6 (Groundball, 13) Tom Rowe to third
|
Batting: LHB Enrico Vargas
|
0-0: Called Strike 0-1: Ball 1-1: Called Strike 1-2: Ball 2-2: Fly out, F9 (Flyball, 89M) Runner from 3rd tags up, SCORES, no throw
|
Monday, December 5th, 2016 - OOTP Baseball 17.12 Build 75
|
|